Match 25043839
Unlisted

Match 25043839
End
Construct Infanterie Kompanie
Selects Luftwaffe Battlegroup
Selects Luftwaffe Pioneer Support
Fallschirmpioneer Squad Paradrop
MG 42 Machine Gun Team
MG 42 Machine Gun Team
Construct Panzergrenadier Kompanie
Selects Reconnaissance Run
251 Medium Carrier
Selects Fallschirmjäger Squad Paradrop
Fallschirmjäger Squad Paradrop
Support Elements
Selects LG40 Recoilless Gun Paradrop
Nebelwerfer 42 Rocket Launcher Team
LG40 Recoilless Gun Paradrop
Nebelwerfer 42 Rocket Launcher Team
Selects Stuka Loiter
Fallschirmjäger Squad Paradrop
Panzergrenadier Officer Quarters
Fallschirmpioneer Squad Paradrop
Fallschirmjäger Squad Paradrop
LG40 Recoilless Gun Paradrop
Selects Flak 36 Anti-tank Gun Emplacement
Nebelwerfer 42 Rocket Launcher Team
LG40 Recoilless Gun Paradrop
Fallschirmjäger Squad Paradrop
Reconnaissance Run
Reconnaissance Run
MG 42 Bunker
Reconnaissance Run
Reconnaissance Run
Reconnaissance Run
15688450
Some where in betWeen
NightGoDt
captainhack6
dres
YangXYZ
Adversity S
zhangyinjun8
0
0

Comments sign in to comment!

No comments posted yet!